 Dungeon Crawl Stone Soup version 0.32-a0-893-gf85d74f (webtiles) character file.

Game seed: 13491068025419712744

1709 danspanner the Covert (level 8, -2/36 HPs)
             Began as a Spriggan Conjurer on Mar 20, 2024.
             Was a Follower of Sif Muna.
             Killed from afar by an electric eel (10 damage)
             ... with a bolt of electricity
             ... on level 7 of the Dungeon on Apr 3, 2024.
             The game lasted 00:33:57 (8095 turns).

danspanner the Covert (Spriggan Conjurer)           Turns: 8095, Time: 00:33:58

Health: -2/36      AC:  2    Str:  3    XL:     8   Next: 74%
Magic:  17/18      EV: 18    Int: 22    God:    Sif Muna [*.....]
Gold:   291        SH:  5    Dex: 13    Spells: 3/19 levels left

rFire   . . .        c - +0 dagger (elec)
rCold   + . .        (no shield)
rNeg    . . .        a - +0 robe
rPois   .            (helmet restricted)
rElec   .            (no cloak)
rCorr   .            (gloves unavailable)
SInv    +            (boots unavailable)
Will    +....        s - amulet of reflection
Stlth   ++++         j - ring of wizardry
HPRegen 0.26/turn    q - ring of protection from cold
MPRegen 0.16/turn

%: reflection, wizardry (x1)
@: very quick
A: very small, no large weapons, unfitting armour, see invisible, speed 3
a: Renounce Religion, Channel Magic


You were on level 7 of the Dungeon.
You worshipped Sif Muna.
Sif Muna was aware of your devotion.
You visited 2 branches of the dungeon, and saw 8 of its levels.

You collected 291 gold pieces.

Inventory:

Hand Weapons
 c - a +0 dagger of electrocution (weapon)
Armour
 a - a +0 robe (worn)
Jewellery
 j - a ring of wizardry (left hand)
 o - an amulet of regeneration
 q - a ring of protection from cold (right hand)
 s - an amulet of reflection (around neck)
Wands
 t - a wand of flame (4)
Scrolls
 e - a scroll of amnesia {unknown}
 i - 2 scrolls of poison {unknown}
 l - a scroll of acquirement {unknown}
 n - a scroll of immolation {unknown}
 p - 4 scrolls of teleportation
 v - 2 scrolls of enchant weapon {unknown}
Potions
 b - 2 potions of magic
 d - 2 potions of curing
 f - 2 potions of haste
 g - 4 potions of resistance
 h - 2 potions of might
 k - a potion of lignification {unknown}
 m - a potion of cancellation {unknown}
 r - a potion of berserk rage {unknown}
 u - a potion of enlightenment {unknown}


   Skills:
 + Level 6.6 Dodging
 + Level 8.1 Stealth
 + Level 6.2 Spellcasting
 + Level 4.6 Conjurations
 + Level 3.4 Summonings
 + Level 4.1 Alchemy


You had 3 spell levels left.
You knew the following spells:

 Your Spells              Type           Power      Damage    Failure   Level
a - Magic Dart            Conj           100%       1d8       1%          1
b - Searing Ray           Conj           54%        2d6       1%          2
c - Call Imp              Summ           42%        N/A       1%          2
d - Fulminant Prism       Conj/Alch      13%        3d8       6%          4
e - Summon Hydra          Summ           10%        N/A       99%         7

Your spell library contained the following spells:

 Spells                   Type           Power      Damage    Failure   Level
 Mercury Vapours          Alch/Air       30%        N/A       2%          2
 Mephitic Cloud           Conj/Alch/Air  19%        N/A       3%          3
 Sublimation of Blood     Necr           6%         N/A       6%          2
 Inner Flame              Hex/Fire       6%         N/A       11%         3
 Flame Wave               Conj/Fire      17%        2d7       14%         4
 Iskenderun's Mystic Bla Conj/Tloc 17%            2d5        (+2d2     14%         4
 Sticky Flame             Fire/Alch      15%        2d5       16%         4
 Freezing Cloud           Conj/Ice/Air   6%         6-21      45%         5


Dungeon Overview and Level Annotations

Branches:
Dungeon (7/15)             Temple (1/1) D:4

Altars:
Ashenzari
Cheibriados
Dithmenos
Elyvilon
Fedhas
Hepliaklqana
Kikubaaqudgha
Makhleb
Nemelex Xobeh
Okawaru
Qazlal
Ru
Sif Muna
Trog
Wu Jian
Xom
Yredelemnul
Zin
The Shining One

Shops:
D:3 ?=([*   D:5 =

Annotations:
D:3 Terence


Innate Abilities, Weirdness & Mutations

You are very small and have problems with some larger weapons.
You are too small for most types of armour.
You have supernaturally acute eyesight. (SInv)
You cover ground extremely quickly. (Speed+++)


Message History

You kill the shadow imp!
Sif Muna accepts your kill.
You start resting.
Magic restored.
You see here a +0 helmet.
Saving game... please wait.
Welcome back, danspanner the Spriggan Conjurer.
Sif Muna whispers: I know many secrets...
Press ? for a list of commands and other information.
A killer bee comes into view.
An electric eel comes into view.
Found a scroll of teleportation.
The electric eel shoots out a bolt of lightning at you!
The bolt of electricity hits you! The bolt of electricity misses you.
The killer bee buzzes angrily.
A wight comes into view. It is wielding a +5 spear.
You hear an angry buzzing noise.
An electric eel is nearby!
Cast which spell? (? or * to list)
You don't know that spell.
Unknown command.
Cast which spell? (? or * to list)
Aiming: Magic Dart (safe; 1% risk of failure)
Press: ? - help, Shift-Dir - straight line, f - electric eel
Aim: an electric eel (wandering, hasn't noticed you, 100% to hit)
The magic dart hits the electric eel.
The electric eel is lightly wounded.
The electric eel shoots out a bolt of lightning at you!
The bolt of electricity hits you!
Casting: Magic Dart (safe; 1% risk of failure)
Confirm with . or Enter, or press ? or * to list all spells.
Okay, then.
Unknown command.
Unknown command.
The killer bee buzzes angrily.
You hear an angry buzzing noise.
The electric eel shoots out a bolt of lightning at you!
The bolt of electricity hits you.
* * * LOW HITPOINT WARNING * * *
The bolt of electricity hits you!
You die...

######## ####### #......#
#...... ~~~..~♣#@##
#)##### ..?..~S~..###
#.##### ~~~.~~~~♣...##
#.#....
~~~.≈~~~~♣#..######.#.#.#
S~~.~S~~~~♣#..........#.#
~~z.~~y≈~~~~#..####.###.#
~~.~≈≈≈≈~~~~..# #.# #.#
~~.~≈≈≈≈~~♣♣#.# #.###.#
.≈≈≈≈~≈~♣♣#.####......


You could see a killer bee, 2 electric eels and a wight.

Vanquished Creatures
  A steam dragon (D:6)
  Menkaure (D:4)
  An ice beast (D:7)
  2 black bears
  A sky beast (D:7)
  An ogre (D:6)
  A centaur (D:6)
  3 phantoms
  Blork the orc (D:5)
  A wight (D:7)
  A killer bee (D:7)
  A jelly (D:6)
  3 bombardier beetles
  2 orc priests (D:7)
  Jessica (D:2)
  3 iguanas
  4 orc wizards
  Robin (D:4)
  2 adders
  A shadow imp (D:7)
  A ribbon worm (D:4)
  3 dart slugs
  23 orcs
  6 ball pythons
  5 endoplasms
  3 giant cockroaches
  14 goblins
  11 hobgoblins
  5 quokkas
  4 bats
  5 frilled lizards
  6 kobolds
  8 rats
126 creatures vanquished.

Vanquished Creatures (others)
  A fulminant prism (D:5)
1 creature vanquished.

Grand Total: 127 creatures vanquished

Notes
Turn   | Place    | Note
-------+----------+-------------------------------------------
     0 | D:1      | danspanner the Spriggan Conjurer began the quest for the
                  | Orb.
     0 | D:1      | Reached XP level 1. HP: 9/9 MP: 5/5
   357 | D:1      | Reached XP level 2. HP: 13/13 MP: 3/6
   899 | D:1      | Learned a level 2 spell: Searing Ray
   902 | D:1      | Learned a level 2 spell: Call Imp
  1147 | D:2      | Reached XP level 3. HP: 16/16 MP: 1/8
  1337 | D:2      | Noticed Jessica
  1342 | D:2      | Killed Jessica
  1343 | D:2      | Reached skill level 4 in Stealth
  1515 | D:2      | Reached XP level 4. HP: 21/21 MP: 6/10
  1977 | D:3      | Found Hifues's Antique Weapon Boutique.
  2016 | D:3      | Noticed Terence
  2191 | D:3      | Found Zyliuv's Assorted Antiques.
  2261 | D:3      | Found Fanwet's Armour Boutique.
  2349 | D:3      | Reached skill level 1 in Summonings
  2457 | D:3      | Found Cucsywyc's Jewellery Shoppe.
  2670 | D:3      | Found Umoreh's Magic Scroll Shop.
  2908 | D:3      | Learned a level 4 spell: Fulminant Prism
  3136 | D:4      | Reached XP level 5. HP: 24/24 MP: 2/11
  3282 | D:4      | Found a staircase to the Ecumenical Temple.
  3382 | Temple   | Entered the Ecumenical Temple
  3391 | Temple   | Became a worshipper of Sif Muna the Loreminder
  3455 | D:4      | Noticed a phantom
  3466 | D:4      | Noticed Menkaure
  3467 | D:4      | Killed a phantom
  3468 | D:4      | Reached skill level 5 in Stealth
  3468 | D:4      | Reached skill level 1 in Alchemy
  3603 | D:4      | You fall into a shaft and drop 3 floors!
  3665 | D:7      | Noticed an ice beast
  3679 | D:7      | Killed an ice beast
  3680 | D:7      | Reached XP level 6. HP: 23/28 MP: 3/13
  3784 | D:7      | Noticed a sky beast
  3885 | D:5      | Entered Level 5 of the Dungeon
  4084 | D:4      | Noticed Robin
  4137 | D:4      | Killed Robin
  4552 | D:4      | Killed Menkaure
  4553 | D:4      | Reached XP level 7. HP: 18/32 MP: 4/14
  4838 | D:4      | Reached skill level 5 in Dodging
  4916 | D:5      | Reached skill level 6 in Stealth
  5040 | D:5      | Found Syivvatamm's Jewellery Shoppe.
  5146 | D:5      | Noticed a steam dragon
  5155 | D:5      | Noticed a steam dragon
  5467 | D:5      | Noticed Blork the orc
  6068 | D:5      | Reached * piety under Sif Muna
  6082 | D:5      | Killed Blork the orc
  6083 | D:5      | Reached skill level 5 in Spellcasting
  6248 | D:6      | Found a stormy altar of Qazlal.
  6255 | D:6      | HP: 1/32 [centaur/arrow (17)]
  6559 | D:6      | Reached XP level 8. HP: 36/36 MP: 11/17
  6608 | D:6      | Learned a level 7 spell: Summon Hydra
  6627 | D:6      | Reached skill level 7 in Stealth
  7673 | D:7      | Reached skill level 8 in Stealth
  7898 | D:7      | Upgraded the game from 0.32-a0-791-gfc315c9 to
                  | 0.32-a0-876-gcfddb08
  8081 | D:7      | Upgraded the game from 0.32-a0-876-gcfddb08 to
                  | 0.32-a0-893-gf85d74f
  8095 | D:7      | Killed from afar by an electric eel

Illustrated notes

Levels and vault maps discovered:
D:1:      dpeg_arrival_boxes_within_box, layout_loops_ring
D:2:      layout_rooms, corner_web_ring, uniq_jessica
D:3:      layout_loops_cross, serial_shops, shop_fountains, shop, shop,
          nicolae_shop_window_shopping,
          nicolae_shop_temple_entry_statues_fountains, uniq_terence
D:4:      layout_loops_corners, minmay_temple_entry_fiery, grunt_decor_junction,
          serial_bayou_pond_d, serial_library_hellmonk_angled_corner,
          uniq_robin, uniq_menkaure, uniq_crazy_yiuf_cottage
D:5:      kennysheep_steamy, layout_loops_ring, serial_shops, shop,
          uniq_blork_the_orc
D:6:      layout_basic, mainiacjoe_overflow_cross_hatched
D:7:      layout_loops_ring, serial_bayou_lagoon_b
Temple:   dpeg_three_leaves_temple

Skill      XL: |  1  2  3  4  5  6  7  8 |
---------------+-------------------------+-----
Conjurations   | 3 4 |  4.6
Dodging        | 3 4 5 6 |  6.6
Spellcasting   | 3 4 5 6 |  6.2
Stealth        | 4 5 6 8 |  8.1
Summonings     | 1 2 3 |  3.4
Alchemy        | 1 2 3 4 |  4.1

Action                     |  1- 3 |  4- 6 |  7- 9 || total
---------------------------+-------+-------+-------++-------
  Melee: Dagger            |    11 |    32 |    18 ||    61
   Cast: Magic Dart        |    40 |    41 |    30 ||   111
         Searing Ray       |     8 |    27 |    32 ||    67
         Call Imp          |       |       |     6 ||     6
         Fulminant Prism   |       |       |     1 ||     1
    Use: Scroll            |     2 |     3 |     2 ||     7
         Potion            |       |     1 |     1 ||     2
   Stab: Sleeping          |     2 |     9 |    10 ||    21
 Armour: Robe              |     1 |    26 |    47 ||    74
  Dodge: Dodged            |    12 |    31 |    34 ||    77
  Block: Other             |       |       |     3 ||     3

Table legend: (Time is in decaauts)
 A = Elapsed time spent in this place.
 B = Non-inter-level travel time spent in this place.
 C = Inter-level travel time spent in this place.
 D = Time resting spent in this place.
 E = Time spent auto-exploring this place.
 F = Levels seen in this place.
 G = Mean time per level.
                   A        B        C        D        E       F      G
               +--------+--------+--------+--------+--------+-----+--------+
         Total |   6067 |   5965 |    102 |    677 |   4064 |   8 |  758.4 |
       Dungeon |   6057 |   5960 |     97 |    677 |   4064 |   7 |  865.3 |
        Temple |     10 |      6 |      4 |      0 |      0 |   1 |   10.0 |
               +--------+--------+--------+--------+--------+-----+--------+

Top non-repeatable levels by time:
     D:4: 1179 daAuts
     D:7: 924 daAuts
     D:5: 917 daAuts
     D:3: 822 daAuts
     D:2: 793 daAuts
     D:6: 764 daAuts
     D:1: 655 daAuts
  Temple: 10 daAuts
